 Dungeon Crawl Stone Soup version 0.21.0-30-g47ce8e4 (webtiles) character file.

401 vishdafish the Charmwright (level 6, -1/44 HPs)
             Began as a Demonspawn Skald on Jan 28, 2018.
             Was an Initiate of Nemelex Xobeh.
             Slain by an orc wizard
             ... wielding a +0 dagger
              (3 damage)
             ... on level 4 of the Dungeon.
             The game lasted 00:07:46 (4718 turns).

vishdafish the Charmwright (Demonspawn Skald)       Turns: 4718, Time: 00:07:47

Health: -1/44      AC:  8    Str:  9 (11) XL:     6   Next: 54%
Magic:  0/9        EV: 18    Int: 14 (16) God:    Nemelex Xobeh [......]
Gold:   155        SH:  0    Dex: 17 (18) Spells: 8/9 levels left

rFire    . . .     SeeInvis .   a - +0 spear
rCold    . . .     Gourm    .   (no shield)
rNeg     . . .     Faith    .   b - +0 leather armour
rPois    .         Spirit   +   k - +1 helmet
rElec    .         Reflect  .   s - +0 cloak
rCorr    .         Harm     .   (no gloves)
MR       .....                  (no boots)
Stlth    ++........             (no amulet)
HPRegen  0.14/turn              (no ring)
MPRegen  0.11/turn              (no ring)

@: agile
A: talons 1, yellow scales 1, mutation resistance 1, magic shield
a: Renounce Religion


You were on level 4 of the Dungeon.
You worshipped Nemelex Xobeh.
Nemelex Xobeh was noncommittal.
You were near starving.

You visited 2 branches of the dungeon, and saw 5 of its levels.

You collected 155 gold pieces.

Inventory:

Hand Weapons
 a - a +0 spear (weapon)
Armour
 b - a +0 leather armour (worn)
 k - a +1 helmet (worn)
 s - a +0 cloak (worn)
Wands
 o - a wand of paralysis (15)
Scrolls
 e - 6 scrolls of remove curse {unknown}
 h - a scroll of amnesia {unknown}
 j - 2 scrolls of enchant weapon {unknown}
 l - 2 scrolls of immolation {unknown}
 p - 4 scrolls of identify {unknown}
 q - a scroll of teleportation {unknown}
 r - 2 scrolls of enchant armour {unknown}
Potions
 g - a potion of mutation
 m - a potion of lignification
 n - 2 potions of degeneration
Books
 c - a book of Battle

   Spells                             Type                      Level
   a - Infusion                       Charms                       1
   b - Shroud of Golubria             Charms/Translocation         2
   c - Song of Slaying                Charms                       2
   d - Spectral Weapon                Hexes/Charms                 3
   e - Regeneration                   Charms/Necromancy            3
Comestibles
 d - 6 rations


   Skills:
 + Level 2.2 Fighting
 + Level 3.8 Polearms
 - Level 1.0 Armour
 + Level 3.8 Dodging
 + Level 2.1 Spellcasting
 - Level 4.3 Charms


You had 8 spell levels left.
You knew the following spells:

 Your Spells              Type           Power        Failure   Level  Hunger
a - Infusion              Chrm           ##..         5%          1    #......


Dungeon Overview and Level Annotations

Branches:
Dungeon (4/15)             Temple (1/1) D:4

Altars:
Ashenzari
Gozag
Hepliaklqana
Nemelex Xobeh
Okawaru
Ru
Trog
Vehumet
Xom
Yredelemnul
Zin
The Shining One


Innate Abilities, Weirdness & Mutations

You have sharp toenails.
You are partially covered in yellow scales. (AC +2)
When hurt, damage is shared between your health and your magic reserves.
You are somewhat resistant to further mutation.


Message History

The orc wizard closely misses you.
It was a potion of agility.
You feel agile all of a sudden. The orc wizard closely misses you.
You hit the orc wizard but do no damage.
You claw the orc wizard.
The orc wizard is severely wounded.
The orc wizard closely misses you.
You hit the orc wizard.
The orc wizard is almost dead.
The orc wizard gestures at you while chanting.
The magic dart hits you!
* * * LOW HITPOINT WARNING * * *
You barely miss the orc wizard.
The orc wizard is almost dead.
You barely miss the orc wizard. Your kick misses the orc wizard.
The orc wizard is almost dead.
The orc wizard hits you with a dagger.
You die...
Your body disappears without a glow.

##.................#.###..
.......)......<........+..
##..#####..........#.#.#..
#...#####'#+######.#.#.#..
#..#........# #....#.#....
#.....⌠.....# #....#.#####
#.#.........# #....#......
#...⌠.>.⌠...# #....##...##
###......@#####...........
.......⌠..o.........#######
#...........................
...............##....#######
...#.............a.......
##.#...........##)##.###.
.......##.....##.# # ....#.
#.....##.# ##.#. #.....##)#


You could see an orc wizard.

Vanquished Creatures
  The ghost of resurtm2 the Skirmisher, a weakling DsBe of Trog (D:3)
  3 orc priests
  Natasha (thrice) (D:2)
  2 worker ants (D:4)
  A gnoll (D:1)
  3 adders
  3 oozes
  5 worms
  A leopard gecko (D:3)
  9 orcs
  2 ball pythons
  4 giant cockroaches (D:1)
  7 goblins
  4 hobgoblins
  6 jackals
  A quokka (D:4)
  A ball python skeleton (D:4)
  8 bats
  5 frilled lizards
  9 kobolds
  11 rats
89 creatures vanquished.

Notes
Turn   | Place    | Note
-------+----------+-------------------------------------------
     0 | D:1      | vishdafish the Demonspawn Skald began the quest for the Orb.
     0 | D:1      | Reached XP level 1. HP: 16/16 MP: 3/3
    56 | D:1      | Reached skill level 1 in Armour
    96 | D:1      | Gained mutation: You are partially covered in yellow scales. (AC +2) [demonic ancestry]
    96 | D:1      | Reached XP level 2. HP: 9/22 MP: 0/5
   289 | D:1      | Reached skill level 3 in Charms
   650 | D:1      | Reached XP level 3. HP: 22/27 MP: 6/6
  1044 | D:2      | Found a radiant altar of Vehumet.
  1085 | D:2      | Noticed Natasha
  1096 | D:2      | Killed Natasha
  1096 | D:2      | Reached XP level 4. HP: 21/33 MP: 3/7
  1180 | D:2      | Noticed Natasha
  1193 | D:2      | Killed Natasha
  1615 | D:2      | Noticed Natasha
  1628 | D:2      | Killed Natasha
  2009 | D:2      | Gained mutation: When hurt, damage is shared between your health and your magic reserves. [demonic ancestry]
  2009 | D:2      | Reached XP level 5. HP: 38/38 MP: 8/8
  2320 | D:3      | Noticed resurtm2's ghost (weakling DsBe)
  2760 | D:3      | Gained mutation: You have sharp toenails. [potion of mutation]
  2760 | D:3      | Gained mutation: You are somewhat resistant to further mutation. [potion of mutation]
  2764 | D:3      | Reached skill level 4 in Charms
  3436 | D:3      | Killed resurtm2's ghost
  3436 | D:3      | Mutation became permanent: You have sharp toenails. [demonic ancestry]
  3436 | D:3      | Gained mutation: You have sharp toenails. [demonic ancestry]
  3436 | D:3      | Reached XP level 6. HP: 16/44 MP: 0/9
  4558 | D:4      | Found a staircase to the Ecumenical Temple.
  4570 | Temple   | Entered the Ecumenical Temple
  4598 | Temple   | Became a worshipper of Nemelex Xobeh the Trickster
  4716 | D:4      | HP: 2/44 [orc wizard/magic dart (4)]
  4718 | D:4      | Slain by an orc wizard

Skill      XL: |  1  2  3  4  5 |
---------------+----------------+-----
Armour         | 1 |  1.0
Polearms       | 2 3 |  3.8
Dodging        | 2 3 |  3.8
Charms         | 3 4 |  4.3
Fighting       | |  2.2
Spellcasting   | |  2.1

Action                   |  1- 3 |  4- 6 || total
-------------------------+-------+-------++-------
Melee: Spear             |   113 |   398 ||   511
       Kick              |       |    24 ||    24
 Cast: Infusion          |     4 |    14 ||    18
  Use: Potion            |       |     6 ||     6
 Stab: Sleeping          |       |     2 ||     2
  Eat: Chunk             |       |     8 ||     8
       Ration            |       |     1 ||     1
Armor: Leather armour    |    41 |    71 ||   112
       Skin              |       |    32 ||    32
Dodge: Dodged            |    58 |   187 ||   245
